 Dungeon Crawl Stone Soup version 0.32-a0-656-g3542139ebd (webtiles) character file.

Game seed: 11236936178557241480

387 Malificent the Ruffian (level 6, -1/38 HPs)
             Began as an Octopode Shapeshifter on Mar 8, 2024.
             Slain by an orc
             ... wielding a +0 trident
              (9 damage)
             ... on level 4 of the Dungeon.
             The game lasted 00:11:33 (2654 turns).

Malificent the Ruffian (Octopode Shapeshifter)      Turns: 2654, Time: 00:11:34

Health: -1/38      AC:  1    Str: 15    XL:     6   Next: 78%
Magic:  6/6        EV: 13    Int: 13    God:
Gold:   147        SH:  0    Dex: 11    Spells: 5/5 levels left

rFire   . . .        l - +3 hand axe (heavy)
rCold   . . .        (no shield)
rNeg    . . .        (helmet currently unavailable)
rPois   .            f - amulet of the acrobat
rElec   .            (no ring)
rCorr   .            (no ring)
SInv    .            (no ring)
Will    .....        (no ring)
Stlth   +++          (no ring)
HPRegen 0.26/turn    (no ring)
MPRegen 0.10/turn    (no ring)
                     (no ring)

%: acrobat
@: beast-form
A: beast (slay +2), almost no armour, amphibious, 8 rings, camouflage 1,
gelatinous body 1, (nimble swimmer 1), tentacles
a: Begin Untransformation


You were on level 4 of the Dungeon.
You were a hulking beast.
You visited 1 branch of the dungeon, and saw 4 of its levels.

You collected 147 gold pieces.

Inventory:

Hand Weapons
 l - a +3 heavy hand axe (weapon)
Missiles
 e - 2 boomerangs (quivered)
Jewellery
 f - an amulet of the acrobat (around mantle)
 j - an amulet of guardian spirit
 o - an amulet of regeneration
Talismans
 b - a beast talisman (active)
 c - a flux talisman
Wands
 t - a wand of polymorph (13)
Scrolls
 g - a scroll of noise {unknown}
 k - 2 scrolls of teleportation
 p - 2 scrolls of fog
Potions
 a - a potion of lignification
 d - a potion of mutation {unknown}
 i - 2 potions of attraction
 n - a potion of might {unknown}
 q - a potion of curing {unknown}
 r - a potion of haste {unknown}
 s - a potion of heal wounds
 w - a potion of experience {unknown}


   Skills:
 + Level 1.2 Fighting
 + Level 1.6 Axes
 + Level 2.6 Dodging
 + Level 3.3 Stealth
 * Level 4.8 Unarmed Combat
 * Level 4.7 Shapeshifting


You had 5 spell levels left.
You didn't know any spells.
Your spell library contained the following spells:

 Spells                   Type           Power      Damage    Failure   Level
 Cigotuvi's Dreadful Rot  Necr/Alch/Air  0%         N/A       43%         2
 Dispel Undead            Necr           0%         3d6       97%         4
 Martyr's Knell           Necr/Summ      0%         N/A       97%         4
 Death Channel            Necr           0%         N/A       100%        6


Dungeon Overview and Level Annotations

Branches:
Dungeon (4/15)
 Temple: D:4-7

Altars:


Innate Abilities, Weirdness & Mutations

You are a hulking beast.
Your limbs bulge with bestial killing power. (Slay +2)
You cannot wear most types of armour.
You are amphibious.
You can wear up to eight rings at the same time.
Your skin changes colour to match your surroundings (Stealth+).
Your rubbery body absorbs attacks. (AC +1, EV +1)
((You are camouflaged when in or above water. (Stealth+)))
You have tentacles for arms and can constrict up to eight enemies at once.


Message History

The sleepcap completely misses you.
You see here an adder corpse.
You slash the sleepcap! You grab the sleepcap. You squeeze the sleepcap.
The sleepcap is heavily damaged.
You constrict the sleepcap. The sleepcap misses you.
The sleepcap releases spores at you!
You slash the sleepcap!
You destroy the sleepcap!
You open the door.
There is an open door here.
You open the door.
There is an open door here.
There is an open door here.
You open the large door. 2 orcs come into view.
The orc shouts! x2
There is a large open door here.
The orc completely misses you. The orc misses you.
The orc completely misses you.
You barely miss the orc. Your grab misses the orc. You squeeze the orc.
The orc is lightly wounded.
The orc closely misses you. x2; The orc completely misses you.
The orc closely misses you.
You closely miss the orc. You grab the orc.
You squeeze the orc, but do no damage.
The orc is lightly wounded.
You constrict the orc. The orc hits you with a +0 trident!
The orc closely misses you.
The orc hits you from afar with a +0 trident.
The orc barely misses you.
You hit the orc but do no damage. You squeeze the orc.
You kill the orc!
The orc closely misses you.
The orc hits you from afar with a +0 trident.
The orc hits you with a +0 trident!
You barely miss the orc. Your grab misses the orc.
The orc hits you with a +0 trident!
* * * LOW HITPOINT WARNING * * *
The orc hits you with a +0 trident!
You die...

.##.......## ##.....
.#.......## ##....
........## ##...
....#..## #
############..
##..#.#.
#.##++##.#ß#.ß.#ß##..
+..#..##
#......#...#.#...'..
#.##''##.#ß#.ß.#ß##.#
#.##.######'#####.#
#.ho.# ##.####..#
#..)...# #...##...#
#.ß..ß.# ##.##....#
##....## ###.....#
###### #......#
########


You could see an orc.

Vanquished Creatures
  A black bear (D:3)
  A scorpion (D:4)
  A hound (D:4)
  A sleepcap (D:4)
  Natasha (thrice) (D:3)
  4 adders
  3 dart slugs
  A ribbon worm (D:2)
  3 orcs
  3 ball pythons
  2 endoplasms
  5 giant cockroaches
  10 goblins
  8 hobgoblins
  2 quokkas
  6 bats
  4 frilled lizards
  A kobold (D:2)
  10 rats
69 creatures vanquished.

Notes
Turn   | Place    | Note
-------+----------+-------------------------------------------
     0 | D:1      | Malificent the Octopode Shapeshifter began the quest for
                  | the Orb.
     0 | D:1      | Reached XP level 1. HP: 13/13 MP: 1/1
   204 | D:1      | Reached XP level 2. HP: 13/18 MP: 2/2
   640 | D:1      | Reached XP level 3. HP: 22/23 MP: 3/3
  1243 | D:3      | Noticed Natasha
  1245 | D:3      | Killed Natasha
  1246 | D:3      | Reached XP level 4. HP: 18/28 MP: 4/4
  1363 | D:3      | Noticed a black bear
  1367 | D:3      | Killed a black bear
  1368 | D:3      | Reached XP level 5. HP: 21/33 MP: 5/5
  1580 | D:3      | Noticed Natasha
  1606 | D:3      | Killed Natasha
  1607 | D:3      | Reached skill level 1 in Axes
  1607 | D:3      | Reached XP level 6. HP: 26/38 MP: 6/6
  1853 | D:3      | Noticed Natasha
  1913 | D:3      | Killed Natasha
  2242 | D:3      | Upgraded the game from 0.32-a0-643-ga006e7742e to
                  | 0.32-a0-656-g3542139ebd
  2654 | D:4      | Slain by an orc

Illustrated notes

Levels and vault maps discovered:
D:1:      mrwooster_arrival_statue_2, layout_basic
D:2:      layout_rooms, minmay_misc_feat_plants
D:3:      layout_loops_ring, minmay_cupped, uniq_natasha
D:4:      layout_cave_pools, kennysheep_mini_moat, serial_library,
          serial_library_hellmonk_h_bend, serial_library_hellmonk_semicircle,
          serial_library_hellmonk_reading_circle,
          serial_library_regret_index_headful,
          serial_library_hellmonk_hallway_a,
          serial_library_hellmonk_secret_room, serial_library_hellmonk_room_a,
          serial_library_hellmonk_room_a,
          serial_library_regret_index_branch_corner,
          serial_library_regret_index_double_sided, st_stairs_8, wad_orctagon

Skill      XL: |  1  2  3  4  5  6 |
---------------+-------------------+-----
Stealth        | 2 3 |  3.3
Shapeshifting  | 4 |  4.7
Unarmed Combat | 4 |  4.8
Axes           | 1 |  1.6
Fighting       | |  1.2
Dodging        | |  2.6

Action                     |  1- 3 |  4- 6 || total
---------------------------+-------+-------++-------
  Melee: Unarmed           |    42 |    12 ||    54
         Constrict         |    18 |    11 ||    29
         Tentacles         |     7 |     9 ||    16
         Hand axe          |    10 |    45 ||    55
  Throw: Boomerang         |       |     1 ||     1
    Use: Scroll            |       |     7 ||     7
   Stab: Sleeping          |     5 |    13 ||    18
 Armour: Skin              |    19 |    30 ||    49
  Dodge: Dodged            |    32 |    49 ||    81

Table legend: (Time is in decaauts)
 A = Elapsed time spent in this place.
 B = Non-inter-level travel time spent in this place.
 C = Inter-level travel time spent in this place.
 D = Time resting spent in this place.
 E = Time spent auto-exploring this place.
 F = Levels seen in this place.
 G = Mean time per level.
                   A        B        C        D        E       F      G
               +--------+--------+--------+--------+--------+-----+--------+
         Total |   2714 |   2608 |    106 |    156 |   1631 |   4 |  678.5 |
       Dungeon |   2714 |   2608 |    106 |    156 |   1631 |   4 |  678.5 |
               +--------+--------+--------+--------+--------+-----+--------+

Top non-repeatable levels by time:
     D:3: 1068 daAuts
     D:1: 776 daAuts
     D:2: 472 daAuts
     D:4: 397 daAuts
